AoeStats
← APPELFX

Arena

510241655Analyzed
1v1 RM · 1d ago on Sep 30, 2026· 53m 52s· 2 players
Game mode
Random Map
Map size
Tiny (2 player)
Population
200
Speed
Normal
Resources
Standard
Victory
Conquest
Starting age
Dark Age
Ending age
Imperial Age
RankedLock teamsTeams togetherTeam positionsShared explorationLock speedFull tech treeHidden civsTurbo modeCheats
Victory
Defeat
🇦🇷 Turks · Argentina
959
+15
🇲🇽 Cumans · Mexico
939
-15
VX | Insulini
10:50 Feudal Age
13:56 Scale Barding Armor
16:31 Castle Age
15:51 Gold Mining
15:51 Stone Mining
16:14 Double-Bit Axe
16:34 Horse Collar
16:46 Loom
19:43 Fletching
23:07 Bow Saw
26:00 Gold Shaft Mining
25:31 Heavy Plow
26:14 Bodkin Arrow
29:34 Scale Barding Armor
33:35 Imperial Age
31:41 Pikeman
33:29 Wheelbarrow
33:41 Elite Kipchak
33:58 Halberdier
35:29 Squires
37:58 Chemistry
42:21 Ballistics
44:32 Elite Steppe Lancer
45:52 Chain Barding Armor
45:43 Forging
47:18 Two-Man Saw
47:14 Bloodlines
49:12 Plate Barding Armor
APPELFX
6:05 Loom
9:18 Feudal Age
10:33 Wheelbarrow
9:45 Double-Bit Axe
9:56 Horse Collar
10:47 Town Watch
20:14 Castle Age
21:14 Hand Cart
21:40 Heavy Plow
22:05 Bow Saw
24:37 Husbandry
25:39 Fletching
27:08 Padded Archer Armor
27:24 Gold Mining
29:35 Scale Barding Armor
31:26 Forging
33:04 Bloodlines
35:37 Imperial Age
33:08 Treadmill Crane
33:24 Murder Holes
33:53 Ballistics
35:53 Heavy Camel Rider
37:03 Chain Barding Armor
40:47 Gold Shaft Mining
43:18 Conscription
44:59 Bodkin Arrow
45:42 Iron Casting
45:26 Leather Archer Armor
48:24 Blast Furnace
48:00 Plate Barding Armor
47:21 Bodkin Arrow
47:05 Elite Janissary
48:25 Stone Mining
49:12 Ring Archer Armor
49:55 Two-Man Saw
Connection lost

Rejoining the realm…

Still unreachable

The connection could not be restored.

Session expired

The server has moved on; the page needs a fresh start.